Map: Desvio para o Azul LE

Players

Vicster

  • Race: Terran Terran
  • League: Gold
  • Spawn Location: 1:00

Hugo - Winner!

  • Race: Terran Terran
  • League: Platinum
  • Spawn Location: 7:00

VOD

Have the link to the VOD?

Description

Time

  • Played on: Jan. 8, 2019, 12:41 p.m.
  • Length: 8:47
Show
View Real Time Build Order
Export as new Build Order

Vicster Terran 

Build Orders: Liberator Opening 

Get SALT Encoding   

  12  0:01  SCV  
  13  0:13  SCV  
  14  0:24  Supply Depot  
  14  0:25  SCV  
  15  0:45  SCV  
  15  0:47  Barracks  
  16  0:55  Refinery x2  
  16  0:58  SCV  
  17  1:10  SCV  
  18  1:22  SCV  
  19  1:33  Supply Depot  
  19  1:34  SCV  
  20  1:40  Reaper  
  21  1:47  Orbital Command  
  21  2:02  Factory  
  21  2:20  Barracks Reactor  
  21  2:35  SCV  
  20  3:20  SCV  
  20  3:22  Starport  
  20  3:23  Factory Tech Lab  
  20  3:25  Barracks  
  21  3:27  Barracks x2  
  21  3:29  Supply Depot  
  21  3:31  Supply Depot  
  21  3:33  Engineering Bay  
  21  3:38  Marine x2  
  23  3:46  SCV  
  24  3:49  Liberator  
  24  3:57  Siege Tank  
  27  4:03  Command Center  
  30  4:10  SCV  
  31  4:17  Barracks Tech Lab  
  31  4:18  Barracks Tech Lab  
  31  4:21  Barracks Tech Lab  
  31  4:22  SCV  
  31  4:24  Marine  
  32  4:27  Marine  
  34  4:39  Marine x2, Hellion  
  34  4:44  SCV  
  39  4:51  Supply Depot  
  39  4:56  SCV, Medivac  
  42  5:08  SCV  
  43  5:19  Orbital Command  
  43  5:20  SCV  
  44  5:27  Marine x4  
  48  5:32  SCV  
  48  5:35  Starport Reactor  
  49  5:44  SCV  
  33  6:36  Marine x3  
  36  6:41  Viking x2  
  36  6:45  Marine x2, Cyclone  
  42  6:53  Marine  
  42  6:54  Marine  
  39  7:03  Marine  
  36  7:11  Marine x3  
  26  7:28  Marine  
  26  7:29  Marine x2  
  25  7:38  Cyclone  
  25  7:39  Marine  
  28  7:46  Marine  
  28  7:47  Marine x2  
  27  8:00  Marine x2  
  27  8:04  Marine  
  27  8:05  Marine x2  
  32  8:10  Refinery  
  32  8:11  Refinery  
  32  8:16  SCV x2  
  34  8:26  Barracks Tech Lab  
  34  8:28  SCV x2  
Show
View Real Time Build Order
Export as new Build Order

Hugo Terran - Winner!

Build Orders:  

Get SALT Encoding   

  12  0:00  SCV  
  13  0:13  SCV  
  14  0:18  Supply Depot  
  14  0:25  SCV  
  15  0:29  Refinery  
  15  0:39  SCV  
  16  0:46  Barracks  
  16  0:51  SCV  
  17  1:04  SCV  
  18  1:11  Supply Depot  
  18  1:16  SCV  
  19  1:23  Refinery  
  19  1:28  SCV  
  20  1:33  Barracks Reactor  
  20  1:40  SCV  
  21  1:53  Factory  
  21  1:55  Orbital Command  
  21  2:09  Marine  
  21  2:10  Marine  
  23  2:21  Supply Depot  
  23  2:23  Supply Depot  
  23  2:27  Marine x2  
  25  3:18  Marine x2  
  25  3:19  Starport  
  27  3:36  Marine x2  
  29  3:48  Supply Depot x2  
  29  3:49  Supply Depot  
  29  3:50  Supply Depot  
  29  3:51  Supply Depot  
  29  3:53  Marine  
  29  3:54  Marine  
  31  3:57  Starport Tech Lab  
  31  4:02  Fusion Core  
  31  4:11  Marine x2  
  33  4:29  Marine x2  
  37  4:47  Marine x2  
  37  4:49  Battlecruiser  
  37  4:50  Weapon Refit  
  43  5:14  Marine  
  43  5:15  Marine  
  45  5:32  Marine x2  
  46  5:50  Marine  
  46  5:53  Battlecruiser  
  51  6:58  Battlecruiser  
Tags
 
Add a new tag
Caveats
  • Supply blocks, unpowered buildings, or Contaminate may cause inaccurate times.
  • Supply counts are checked every 10 seconds.